 Dungeon Crawl Stone Soup version 0.29.0-4-gdea44cf6ec (webtiles) character file.

Game seed: 16513931148519459805

5616 qw the Cleaver (level 10, -4/63 HPs)
             Began as a Gargoyle Berserker on Sept 4, 2022.
             Was an Elder of Trog.
             Slain by a komodo dragon (9 damage)
             ... on level 1 of the Lair of Beasts.
             The game lasted 00:03:26 (9847 turns).

qw the Cleaver (Gargoyle Berserker)                 Turns: 9847, Time: 00:03:27

Health: -4/63      AC: 26    Str: 24    XL:     10   Next: 73%
Magic:  10/10      EV: 10    Int:  9    God:    Trog [****..]
Gold:   363        SH: 15    Dex:  9    Spells: 9/9 levels left

rFire   + . .      SeeInvis .   Y - +0 war axe
rCold   . . .      Faith    .   a - +0 kite shield
rNeg    + . .      Spirit   .   r - +0 plate armour
rPois   inf        Reflect  +   (helmet restricted)
rElec   +          Harm     .   q - scarf {repulsion}
rCorr   .          Rampage  .   (no gloves)
Will    .....                   e - +1 pair of boots
Stlth   ..........              t - amulet of reflection
HPRegen 0.20/turn               p - +4 ring of evasion
MPRegen 0.12/turn               k - +4 ring of protection

@: repel missiles
A: sickness immunity, AC +7, negative energy resistance 1, electricity
resistance, torment resistance 1, petrification resistance, horns 1, fire
resistance 1
a: Renounce Religion, Berserk, Trog's Hand, Brothers in Arms


You were on level 1 of the Lair of Beasts.
You worshipped Trog.
Trog was greatly pleased with you.
You visited 2 branches of the dungeon, and saw 9 of its levels.
You also visited: Ossuary.

You collected 465 gold pieces.
You spent 102 gold pieces at shops.


Innate Abilities, Weirdness & Mutations

You are immune to sickness and miasma.
Your stone body is resilient. (AC +7)
You are immune to poison.
You resist negative energy. (rN+)
You are resistant to electric shocks. (rElec)
You are resistant to unholy torment.
You are immune to petrification.
You have a pair of small horns on your head.
Your flesh is heat resistant. (rF+)


   Skills:
 + Level 7.0 Fighting
 - Level 10.4 Axes
 - Level 1.3 Throwing
 - Level 6.0 Armour
 - Level 1.5 Dodging
 - Level 9.0 Shields


You had 9 spell levels left.
You didn't know any spells.
Your spell library was empty.

Inventory:

Hand Weapons
 i - a +0 morningstar
 Y - a +0 war axe (weapon)
Missiles
 s - 2 boomerangs (quivered)
Armour
 a - a +0 kite shield (worn)
 e - a +1 pair of boots (worn)
 q - a scarf of repulsion (worn)
 r - a +0 plate armour (worn)
Jewellery
 k - a +4 ring of protection (right hand)
 p - a +4 ring of evasion (left hand)
 t - an amulet of reflection (around neck)
Scrolls
 f - 2 scrolls of identify
Potions
 b - 6 potions of haste
 c - a potion of might
 d - 2 potions of curing
 g - 2 potions of cancellation
 j - a potion of mutation
 m - a potion of berserk rage {unknown}
 n - a potion of magic {unknown}
 o - a potion of resistance
 u - a potion of lignification {unknown}

Dungeon Overview and Level Annotations

Branches:
Dungeon (8/15)             Temple (0/1) D:5            Lair (1/5) D:8
Ossuary (visited)

Altars:
Cheibriados
Dithmenos
Elyvilon
Makhleb
Qazlal
Vehumet
Yredelemnul
Zin

Shops:
D:3 !:([(


Message History

The komodo dragon bites you!
You closely miss the komodo dragon.
The komodo dragon is lightly wounded.
You feel yourself speed up. The komodo dragon closely misses you.
The komodo dragon bites you!!
You slash the komodo dragon!
The komodo dragon is lightly wounded.
The komodo dragon bites you but does no damage.
You barely miss the komodo dragon. Your headbutt misses the komodo dragon.
The komodo dragon is lightly wounded.
The komodo dragon misses you.
You completely miss the komodo dragon. Your headbutt misses the komodo dragon.
The komodo dragon is lightly wounded.
The komodo dragon hisses menacingly.
You block the komodo dragon's attack.
You hit the komodo dragon but do no damage.
Your headbutt misses the komodo dragon.
The komodo dragon is lightly wounded.
You block the komodo dragon's attack.
You hit the komodo dragon.
The komodo dragon is moderately wounded.
You block the komodo dragon's attack.
You hit the komodo dragon. Your headbutt misses the komodo dragon.
The komodo dragon is heavily wounded.
The komodo dragon bites you.
You closely miss the komodo dragon. You headbutt the komodo dragon.
The komodo dragon is heavily wounded.
You block the komodo dragon's attack.
The komodo dragon bites you but does no damage.
You barely miss the komodo dragon.
The komodo dragon is heavily wounded.
You block the komodo dragon's attack.
You barely miss the komodo dragon. Your headbutt misses the komodo dragon.
The komodo dragon is heavily wounded.
You block the komodo dragon's attack.
You slash the komodo dragon! Your headbutt misses the komodo dragon.
The komodo dragon is severely wounded.
You recover from your berserk rage.
The komodo dragon bites you!
You die...

..### . #.... ..#.#P.
.......## ..#.....####
...........#
.......l...#
=......@..##
.##.#.%%...####
..##.##.#.#.#######P
##..##.#..............
#.............#.#####P
#<..#..#......### #
#..###.#......#
#.#P##..##..####..##
#.......###.####..#


You could see a komodo dragon.

Vanquished Creatures
  A boulder beetle (Lair:1)
  An elephant (D:8)
  A rime drake (Lair:1)
  2 wyverns (D:8)
  A basilisk (D:8)
  4 yaks
  A steam dragon (D:8)
  2 water moccasins
  A black bear (D:8)
  2 ice beasts (D:6)
  2 orc warriors
  2 ogres (D:6)
  2 centaurs
  3 phantoms
  2 bullfrogs (Lair:1)
  A gnoll sergeant (D:7)
  A scorpion (D:7)
  5 wights (D:8)
  5 water moccasin zombies (Ossuary)
  5 howler monkeys
  2 jellies (D:6)
  6 orc priests
  4 hounds
  A gnoll bouda (D:8)
  3 iguanas
  9 orc wizards
  2 mummies (Ossuary)
  8 adders
  18 gnolls
  A shadow imp (D:7)
  4 adder zombies (Ossuary)
  4 worms
  A dart slug (D:3)
  31 orcs
  5 bats
  6 endoplasms
  2 giant cockroaches (D:4)
  5 goblins
  4 hobgoblins
  7 jackals
  2 quokkas
  7 ball pythons
  2 frilled lizards
  3 gnoll zombies (Ossuary)
  5 hobgoblin zombies (Ossuary)
  6 kobolds
  5 kobold zombies (Ossuary)
  4 orc zombies (Ossuary)
  4 rats
205 creatures vanquished.

Vanquished Creatures (others)
  A kobold (D:3)
  A fungus (Lair:1)
  A plant (D:8)
3 creatures vanquished.

Grand Total: 208 creatures vanquished

Notes
Turn   | Place    | Note
-------+----------+-------------------------------------------
     0 | D:1      | qw the Gargoyle Berserker began the quest for the Orb.
     0 | D:1      | Reached XP level 1. HP: 14/14 MP: 1/1
     0 | D:1      | 0 ||| qw: Version: 0.1-a-103-gd6f5d3a
     0 | D:1      | 0 ||| qw: Game counter: 5696
     0 | D:1      | 0 ||| qw: Always use a shield: true
     0 | D:1      | 0 ||| qw: Do Orc after D:15 true
     0 | D:1      | 0 ||| qw: Do second Lair branch before Depths: true
     0 | D:1      | 0 ||| qw: Lair rune preference: random
     0 | D:1      | 0 ||| qw: Plans: Normal
     0 | D:1      | 0 ||| PLANNING D:1-11
   125 | D:1      | 125 ||| INVOKING Berserk.
   349 | D:1      | Reached skill level 3 in Axes
   391 | D:1      | 391 ||| Stepping ~*~*~tactically~*~*~ (stealth).
   447 | D:1      | 447 ||| Stepping ~*~*~tactically~*~*~ (stealth).
   448 | D:1      | 448 ||| Stepping ~*~*~tactically~*~*~ (stealth).
   482 | D:1      | Reached XP level 2. HP: 13/19 MP: 2/2
   750 | D:1      | 750 ||| DROPPING +0 club.
  1257 | D:1      | 1257 ||| UPGRADING to +0 pair of boots.
  1262 | D:1      | 1262 ||| UPGRADING to +0 ring mail.
  1272 | D:1      | 1272 ||| DROPPING +0 animal skin.
  1273 | D:1      | 1273 ||| READING scroll labelled LOAPLOQUFO.
  1274 | D:1      | 1274 ||| READING 3 scrolls labelled GOCWEI WAUVVA.
  1275 | D:1      | 1275 ||| READING scroll labelled ERRYDO XIUPEMN.
  1276 | D:1      | 1276 ||| DROPPING 2 scrolls of immolation.
  1595 | D:2      | Reached XP level 3. HP: 23/23 MP: 3/3
  1650 | D:2      | 1650 ||| INVOKING Berserk.
  1654 | D:2      | Reached skill level 4 in Axes
  1805 | D:2      | 1805 ||| INVOKING Berserk.
  2050 | D:2      | 2050 ||| UPGRADING to +0 chain mail.
  2060 | D:2      | 2060 ||| DROPPING +0 ring mail.
  2061 | D:2      | 2061 ||| READING scroll labelled GOHELICAZO.
  2066 | D:2      | 2066 ||| READING 3 scrolls labelled QANURE WOMECOUH.
  2067 | D:2      | 2067 ||| READING scroll labelled VUPLUY GUYHOU.
  2115 | D:2      | 2115 ||| READING 2 scrolls labelled SOOTIDGH ZOUNU.
  2116 | D:2      | 2116 ||| READING scroll of enchant armour.
  2116 | D:2      | 2116 ||| ENCHANTING +0 pair of boots.
  2117 | D:2      | 2117 ||| DRINKING 3 sapphire potions.
  2118 | D:2      | 2118 ||| DRINKING 2 bubbling amethyst potions.
  2119 | D:2      | 2119 ||| READING 2 scrolls of identify.
  2119 | D:2      | 2119 ||| IDENTIFYING bubbling golden potion
  2120 | D:2      | 2120 ||| DROPPING potion of degeneration.
  2121 | D:2      | 2121 ||| DROPPING potion of brilliance.
  2183 | D:3      | Found Narin's Weapon Shoppe.
  2184 | D:3      | 2184 ||| STAIRDANCE
  2336 | D:2      | 2336 ||| DROPPING +0 mace.
  2340 | D:3      | 2340 ||| STAIRDANCE
  2355 | D:3      | 2355 ||| INVOKING Berserk.
  2358 | D:3      | Reached XP level 4. HP: 15/28 MP: 4/4
  2358 | D:3      | 2358 ||| STAIRDANCE
  2549 | D:3      | 2549 ||| INVOKING Berserk.
  2668 | D:3      | 2668 ||| SHOPLISTING +5 mace "Wetitowk" {vamp, *Noise rElec
                  | Str+8} (858 gold, have 86).
  2684 | D:3      | Found Zef Toucs's Distillery.
  2688 | D:3      | 2688 ||| Stepping ~*~*~tactically~*~*~ (stealth).
  2694 | D:3      | 2694 ||| Stepping ~*~*~tactically~*~*~ (stealth).
  2716 | D:3      | 2716 ||| BUYING potion of curing (39 gold).
  2716 | D:3      | Bought a potion of curing for 39 gold pieces
  2716 | D:3      | 2716 ||| SHOPLISTING potion of haste (130 gold, have 47).
  2716 | D:3      | 2716 ||| SHOPLISTING potion of heal wounds (65 gold, have
                  | 47).
  2716 | D:3      | 2716 ||| SHOPLISTING potion of might (52 gold, have 47).
  2799 | D:3      | Found Sonusm's Book Emporium.
  2908 | D:3      | Found a shadowy altar of Dithmenos.
  2911 | D:3      | Found Puc Luecs's Antique Weapon Emporium.
  2937 | D:3      | 2937 ||| Stepping ~*~*~tactically~*~*~ (stealth).
  2947 | D:3      | 2947 ||| Stepping ~*~*~tactically~*~*~ (stealth).
  2965 | D:3      | 2965 ||| Stepping ~*~*~tactically~*~*~ (stealth).
  2984 | D:3      | 2984 ||| Stepping ~*~*~tactically~*~*~ (stealth).
  3064 | D:3      | Found Buumabb's Armour Shop.
  3069 | D:3      | 3069 ||| BUYING +0 helmet (63 gold).
  3069 | D:3      | Bought a +0 helmet for 63 gold pieces
  3069 | D:3      | 3069 ||| SHOPLISTING +0 pair of gloves of dexterity (161
                  | gold, have 5).
  3112 | D:3      | Reached skill level 5 in Axes
  3135 | D:3      | Found a white marble altar of Elyvilon.
  3272 | D:3      | Reached XP level 5. HP: 31/32 MP: 5/5
  3297 | D:3      | Found a faded altar of an unknown god.
  3669 | D:3      | 3669 ||| UPGRADING to +0 helmet.
  3674 | D:3      | 3674 ||| UPGRADING to +4 ring of evasion.
  3675 | D:3      | 3675 ||| READING 2 scrolls labelled XOSKOI SUUWA.
  3676 | D:3      | 3676 ||| READING scroll labelled KOHISK PEINT.
  3677 | D:3      | 3677 ||| DRINKING 2 fizzy purple potions.
  3678 | D:3      | 3678 ||| DRINKING 2 emerald potions.
  3679 | D:3      | 3679 ||| DROPPING potion of flight.
  3680 | D:3      | 3680 ||| DROPPING scroll of noise.
  3703 | D:4      | 3703 ||| STAIRDANCE
  3705 | D:4      | 3705 ||| STAIRDANCE
  3736 | D:4      | Noticed a phantom
  3760 | D:4      | Killed a phantom
  3777 | D:4      | 3777 ||| READING scroll of enchant armour.
  3777 | D:4      | 3777 ||| ENCHANTING +0 helmet.
  3809 | D:4      | Found a stormy altar of Qazlal.
  3810 | D:4      | Found a snail-covered altar of Cheibriados.
  4127 | D:4      | 4127 ||| Stepping ~*~*~tactically~*~*~ (stealth).
  4377 | D:4      | Reached skill level 3 in Armour
  4377 | D:4      | Reached XP level 6. HP: 36/39 MP: 6/6
  4417 | D:4      | Found a basalt altar of Yredelemnul.
  4421 | D:4      | 4421 ||| Stepping ~*~*~tactically~*~*~ (stealth).
  4657 | D:4      | 4657 ||| DROPPING orb of wrath.
  4658 | D:4      | 4658 ||| READING scroll labelled WOIRAAWK KARGH.
  4659 | D:4      | 4659 ||| READING 2 scrolls of identify.
  4659 | D:4      | 4659 ||| IDENTIFYING metallic clear potion
  4713 | D:5      | Entered Level 5 of the Dungeon
  4772 | D:5      | Found a staircase to the Ecumenical Temple.
  4782 | D:5      | 4782 ||| Stepping ~*~*~tactically~*~*~ (stealth).
  4814 | D:5      | Reached ** piety under Trog
  4857 | D:5      | 4857 ||| Stepping ~*~*~tactically~*~*~ (hiding).
  4858 | D:5      | 4858 ||| Stepping ~*~*~tactically~*~*~ (hiding).
  4860 | D:5      | 4860 ||| Stepping ~*~*~tactically~*~*~ (hiding).
  4861 | D:5      | 4861 ||| Stepping ~*~*~tactically~*~*~ (hiding).
  4863 | D:5      | 4863 ||| Stepping ~*~*~tactically~*~*~ (hiding).
  4865 | D:5      | 4865 ||| Stepping ~*~*~tactically~*~*~ (hiding).
  4867 | D:5      | 4867 ||| INVOKING Berserk.
  4924 | D:5      | Reached skill level 6 in Axes
  4934 | D:5      | 4934 ||| Stepping ~*~*~tactically~*~*~ (stealth).
  4937 | D:5      | 4937 ||| Stepping ~*~*~tactically~*~*~ (stealth).
  4939 | D:5      | 4939 ||| Stepping ~*~*~tactically~*~*~ (stealth).
  4943 | D:5      | 4943 ||| Stepping ~*~*~tactically~*~*~ (stealth).
  4945 | D:5      | 4945 ||| Stepping ~*~*~tactically~*~*~ (stealth).
  4954 | D:5      | Reached XP level 7. HP: 35/44 MP: 7/7
  5273 | D:5      | 5273 ||| INVOKING Berserk.
  5274 | D:5      | 5274 ||| INVOKING Berserk.
  6029 | D:5      | 6029 ||| DROPPING scarf of harm.
  6030 | D:5      | 6030 ||| UPGRADING to +0 plate armour.
  6040 | D:5      | 6040 ||| DROPPING +0 chain mail.
  6096 | D:6      | 6096 ||| INVOKING Berserk.
  6278 | D:6      | 6278 ||| Stepping ~*~*~tactically~*~*~ (stealth).
  6290 | D:6      | 6290 ||| SWAPPING to +2 hand axe of electrocution.
  6291 | D:6      | 6291 ||| DROPPING +0 hand axe.
  6355 | D:6      | Reached skill level 7 in Axes
  6355 | D:6      | 6355 ||| Stepping ~*~*~tactically~*~*~ (stealth).
  6366 | D:6      | 6366 ||| Stepping ~*~*~tactically~*~*~ (stealth).
  6367 | D:6      | 6367 ||| Stepping ~*~*~tactically~*~*~ (stealth).
  6404 | D:6      | HP: 10/44 [something (5)]
  6406 | D:6      | 6406 ||| READING scroll of teleportation.
  6406 | D:6      | HP: 3/44 [orc wizard/+0 trident of protection (5)]
  6407 | D:6      | 6407 ||| DRINKING potion of heal wounds.
  6408 | D:6      | 6408 ||| INVOKING Berserk.
  6575 | D:6      | 6575 ||| INVOKING Berserk.
  6583 | D:6      | 6583 ||| Stepping ~*~*~tactically~*~*~ (stealth).
  6590 | D:6      | Reached XP level 8. HP: 49/49 MP: 8/8
  6592 | D:6      | Reached skill level 1 in Throwing
  6939 | D:6      | 6939 ||| Stepping ~*~*~tactically~*~*~ (stealth).
  6977 | D:6      | 6977 ||| INVOKING Berserk.
  7143 | D:6      | 7143 ||| Stepping ~*~*~tactically~*~*~ (stealth).
  7147 | D:6      | Reached skill level 8 in Axes
  7193 | D:6      | 7193 ||| INVOKING Berserk.
  7393 | D:6      | Found a radiant altar of Vehumet.
  7591 | D:7      | 7591 ||| PLANNING OSSUARY
  7613 | D:7      | Found a burning altar of Makhleb.
  7636 | D:7      | 7636 ||| INVOKING Berserk.
  7646 | D:7      | Reached skill level 6 in Fighting
  7835 | D:7      | Found a sand-covered staircase.
  7836 | D:7      | 7836 ||| UPGRADING to scarf of repulsion.
  7841 | D:7      | 7841 ||| UPGRADING to amulet of reflection.
  7846 | D:7      | 7846 ||| UPGRADING to +4 ring of protection.
  7852 | Ossuary  | Entered an ossuary
  7906 | Ossuary  | Reached XP level 9. HP: 55/55 MP: 9/9
  8026 | Ossuary  | Reached skill level 9 in Axes
  8049 | Ossuary  | 8049 ||| DRINKING 2 brown potions.
  8050 | Ossuary  | 8050 ||| DRINKING 3 blue potions.
  8050 | Ossuary  | Gained mutation: You have a pair of small horns on your
                  | head. [potion of mutation]
  8050 | Ossuary  | Gained mutation: You sometimes lose your temper in combat.
                  | [potion of mutation]
  8050 | Ossuary  | Gained mutation: You are somewhat resistant to further
                  | mutation. [potion of mutation]
  8051 | Ossuary  | 8051 ||| DRINKING 2 potions of mutation.
  8051 | Ossuary  | Lost mutation: You sometimes lose your temper in combat.
                  | [potion of mutation]
  8051 | Ossuary  | Lost mutation: You have a pair of small horns on your head.
                  | [potion of mutation]
  8051 | Ossuary  | Lost mutation: You are somewhat resistant to further
                  | mutation. [potion of mutation]
  8051 | Ossuary  | Gained mutation: You have a pair of small horns on your
                  | head. [potion of mutation]
  8051 | Ossuary  | Gained mutation: Your flesh is heat resistant. (rF+)
                  | [potion of mutation]
  8052 | Ossuary  | 8052 ||| DROPPING +1 helmet.
  8053 | Ossuary  | 8053 ||| DRINKING 2 golden potions.
  8054 | Ossuary  | 8054 ||| DRINKING 2 black potions.
  8055 | Ossuary  | 8055 ||| READING 2 scrolls of identify.
  8055 | Ossuary  | 8055 ||| IDENTIFYING murky yellow potion
  8056 | Ossuary  | 8056 ||| DROPPING potion of attraction.
  8057 | Ossuary  | 8057 ||| DROPPING potion of invisibility.
  8063 | D:7      | 8063 ||| PLANNING D:1-11
  8079 | D:7      | 8079 ||| DROPPING +0 flail.
  8137 | D:7      | Reached *** piety under Trog
  8142 | D:7      | 8142 ||| Stepping ~*~*~tactically~*~*~ (stealth).
  8289 | D:7      | Found a glowing silver altar of Zin.
  8304 | D:7      | Reached skill level 6 in Armour
  8504 | D:7      | 8504 ||| UPGRADING to +0 kite shield.
  8539 | D:8      | 8539 ||| STAIRDANCE
  8590 | D:8      | 8590 ||| STAIRDANCE
  8601 | D:7      | Reached skill level 3 in Shields
  8657 | D:8      | 8657 ||| STAIRDANCE
  8778 | D:8      | 8778 ||| Stepping ~*~*~tactically~*~*~ (hiding).
  8782 | D:8      | 8782 ||| INVOKING Berserk.
  8992 | D:8      | 8992 ||| Stepping ~*~*~tactically~*~*~ (stealth).
  9001 | D:8      | Found a staircase to the Lair.
  9002 | D:8      | 9002 ||| Stepping ~*~*~tactically~*~*~ (hiding).
  9005 | D:8      | 9005 ||| Stepping ~*~*~tactically~*~*~ (hiding).
  9009 | D:8      | 9009 ||| INVOKING Berserk.
  9009 | D:8      | Noticed an elephant
  9016 | D:8      | Reached skill level 6 in Shields
  9017 | D:8      | Reached XP level 10. HP: 63/63 MP: 10/10
  9025 | D:8      | 9025 ||| Stepping ~*~*~tactically~*~*~ (hiding).
  9031 | D:8      | Killed an elephant
  9194 | D:8      | 9194 ||| Stepping ~*~*~tactically~*~*~ (hiding).
  9195 | D:8      | 9195 ||| Stepping ~*~*~tactically~*~*~ (hiding).
  9205 | D:8      | 9205 ||| Stepping ~*~*~tactically~*~*~ (stealth).
  9217 | D:8      | 9217 ||| Stepping ~*~*~tactically~*~*~ (hiding).
  9219 | D:8      | 9219 ||| Stepping ~*~*~tactically~*~*~ (hiding).
  9233 | D:8      | 9233 ||| Stepping ~*~*~tactically~*~*~ (stealth).
  9309 | D:8      | 9309 ||| SWAPPING to +0 war axe.
  9311 | D:8      | 9311 ||| Stepping ~*~*~tactically~*~*~ (stealth).
  9312 | D:8      | 9312 ||| DROPPING +2 hand axe of electrocution.
  9323 | D:8      | Reached skill level 9 in Shields
  9330 | D:8      | Reached **** piety under Trog
  9423 | D:8      | 9423 ||| Stepping ~*~*~tactically~*~*~ (hiding).
  9561 | D:8      | 9561 ||| Stepping ~*~*~tactically~*~*~ (stealth).
  9566 | D:8      | 9566 ||| Stepping ~*~*~tactically~*~*~ (stealth).
  9570 | D:8      | 9570 ||| Stepping ~*~*~tactically~*~*~ (stealth).
  9624 | D:8      | 9624 ||| PLANNING LAIR
  9624 | D:8      | 9624 ||| READING scroll labelled TEYSYBLYHAMUPP.
  9756 | Lair:1   | Entered Level 1 of the Lair of Beasts
  9792 | Lair:1   | Noticed a boulder beetle
  9796 | Lair:1   | 9796 ||| INVOKING Berserk.
  9811 | Lair:1   | Killed a boulder beetle
  9812 | Lair:1   | Reached skill level 10 in Axes
  9837 | Lair:1   | HP: 6/63 [komodo dragon (19)]
  9843 | Lair:1   | HP: 4/63 [komodo dragon (3)]
  9847 | Lair:1   | Slain by a komodo dragon

Levels and vault maps discovered:
D:1:      onia_arrival_mini_maze, layout_loops_ring, nicolae_titane
D:2:      layout_loops_ring
D:3:      layout_basic, lemuel_crystal_altar, elyvilon_altar_4, serial_shops,
          shop, shop_fountains, shop, shop, shop,
          shapermc_ecumenical_altar_ellora, dk_noncrumbling_3,
          minmay_door_square
D:4:      layout_basic, mainiacjoe_overflow_tiny_flanked,
          mainiacjoe_overflow_divided_tiny
D:5:      layout_layer_cave, minmay_temple_entry_glassed_door
D:6:      layout_loops_ring, vehumet_crystals, kennysheep_flooded_box,
          minmay_misc_feat_rows
D:7:      layout_loops_ring, bloody_makhleb, lemuel_doored_altar,
          nicolae_ossuary_entry_plus, minmay_stone_trees_small
D:8:      layout_basic, david_lair_generic
Lair:1:   layout_loops_ring, minivault_25

Skill      XL: |  1  2  3  4  5  6  7  8  9 10 |
---------------+-------------------------------+-----
Axes           | 3 4 5 6 7 8 9 10 | 10.4
Fighting       | 4 5 6 7 |  7.0
Armour         | 3 4 5 6 |  6.0
Throwing       | 1 |  1.3
Shields        | 6 9 |  9.0
Dodging        | |  1.5

Action                   |  1- 3 |  4- 6 |  7- 9 | 10-12 || total
-------------------------+-------+-------+-------+-------++-------
Melee: Hand axe          |   106 |   197 |   320 |    50 ||   673
       Punch             |     1 |     3 |     4 |       ||     8
       Headbutt          |       |       |    20 |    24 ||    44
       War axe           |       |       |       |    72 ||    72
Throw: Boomerang         |       |       |    40 |    14 ||    54
Invok: Berserk           |     4 |     2 |     9 |     1 ||    16
  Use: Scroll            |     9 |     5 |     2 |     1 ||    17
       Potion            |     2 |     2 |     6 |       ||    10
Armor: Animal skin       |    15 |       |       |       ||    15
       Ring mail         |    14 |       |       |       ||    14
       Chain mail        |    20 |    96 |    39 |       ||   155
       Plate armour      |       |       |   115 |    57 ||   172
Dodge: Dodged            |    58 |    97 |   139 |    33 ||   327
       Repelled          |       |       |       |     4 ||     4
Block: Other             |       |       |    19 |       ||    19
       Kite shield       |       |       |    29 |    98 ||   127
       Reflection        |       |       |       |     1 ||     1

Table legend:
 A = Non-vault XP
 B = Vault XP
 C = Vault XP percentage of total XP
 D = Non-vault monster count
 E = Vault monster count
 F = Vault count percentage of total count
                 A         B        C        D         E       F
            +---------+---------+-------+---------+---------+-------
      Total |    6546 |    1477 |  18.4 |     173 |      32 |  15.6
            +---------+---------+-------+---------+---------+-------
        D:1 |      21 |       0 |   0.0 |      14 |       0 |   0.0
        D:2 |      58 |       0 |   0.0 |      14 |       0 |   0.0
        D:3 |     105 |       0 |   0.0 |      24 |       0 |   0.0
        D:4 |     175 |       0 |   0.0 |      16 |       0 |   0.0
        D:5 |     344 |       0 |   0.0 |      20 |       0 |   0.0
        D:6 |    1201 |       0 |   0.0 |      22 |       0 |   0.0
        D:7 |    1457 |       0 |   0.0 |      20 |       0 |   0.0
        D:8 |    1658 |    1011 |  37.9 |      38 |       4 |   9.5
     Lair:1 |    1527 |       0 |   0.0 |       5 |       0 |   0.0
    Ossuary |       0 |     466 | 100.0 |       0 |      28 | 100.0
            +---------+---------+-------+---------+---------+-------
